Atomiques vs Knights
Created - 5 novembre 2015 at 19:00
Goals
|
| Atomiques |
3 |
5 |
0 |
8 |
| Knights |
2 |
1 |
1 |
4 |
|
Shots
|
| Atomiques |
10 |
11 |
10 |
31 |
| Knights |
11 |
12 |
12 |
35 |
|
1st period
1. Atomiques , Ryan Shannon 6 (Shawn Belle, Kenndal McArdle) at 4:10 (PP)
2. Atomiques , Alex Berry 2 (Kyle Wharton, John McCarthy) at 9:00
3. Knights , Jason Chimera 2 (Chris Thorburn) at 11:58
4. Atomiques , Marc-Antoine Pouliot 2 (Davis Drewiske, Tyler Kennedy) at 16:31
5. Knights , Magnus Paajarvi-Svensson 2 (Zbynek Michalek, Joe Colborne) at 19:46
Penalties :
Alex Chiasson (Lon) for Interference (Minor) at 1:48, Alex Chiasson (Lon) for Cross-checking (Minor) at 4:04, Kenndal McArdle (STB) for High sticking (Minor) at 12:41
2nd period
6. Atomiques , Brett Sutter 4 (Shawn Belle, Nick Johnson) at 4:29
7. Knights , Michael Raffl 8 (James Wright, Chris Thorburn) at 8:29
8. Atomiques , Kenndal McArdle 4 (Marc-André Cliche) at 14:40
9. Atomiques , Brad Winchester 7 (Kyle Wharton, Tyler Kennedy) at 19:00
10. Atomiques , Kenndal McArdle 5 (Ryan Shannon, Davis Drewiske) at 19:24
11. Atomiques , Brad Winchester 8 (Marc-Antoine Pouliot, Tyler Kennedy) at 19:30
Penalties :
Tyler Kennedy (STB) for Hooking (Minor) at 10:40
3rd period
12. Knights , James Wright 3 (Michael Raffl) at 6:54
Penalties :
John McCarthy (STB) for High sticking (Minor) at 2:47, Alex Chiasson (Lon) for Fighting (Major) at 17:13, Shawn Belle (STB) for Fighting (Major) at 17:13, Garnet Exelby (Lon) for Fighting (Major) at 18:16, Clayton Stoner (STB) for Fighting (Major) at 18:16, Clayton Stoner (STB) for instigated a fight (Minor) at 18:16, Clayton Stoner (STB) for instigated a fight (10 Minutes Misconduct) at 18:16
Goalie Stats
Alex Auld (STB), 31 saves from 35 shots - (0,886), W, 6-2-0, 60:00 minutes
Mark Dekanich (Lon), 7 saves from 10 shots - (0,700), L, 1-1-0, 22:29 minutes
Jacob Markstrom (Lon), 16 saves from 21 shots - (0,762), 37:31 minutes
Players Stats for Atomiques
Player Name G A P +/- PIM S H SB GA TA FO MP PP MP PK MP
------------------------------------------------------------------------------------
Alex Berry 1 0 1 1 0 3 2 0 0 0 1/1 8:59 0:00 2:25
Andrew Kozek 0 0 0 0 0 2 2 0 0 1 1/1 14:03 0:01 2:30
Brad Winchester 2 0 2 2 0 6 1 2 0 0 2/4 23:07 1:01 3:48
Brett Sutter 1 0 1 0 0 1 1 1 0 0 3/4 11:46 0:00 1:16
Clayton Stoner 0 0 0 1 17 0 1 3 0 0 0/0 18:22 1:00 2:31
Davis Drewiske 0 2 2 5 0 1 0 1 2 1 0/0 27:01 1:05 3:26
Drew Larman 0 0 0 1 0 0 1 0 0 0 0/1 6:03 0:00 0:00
John McCarthy 0 1 1 1 2 0 0 0 0 0 0/0 6:33 0:00 0:00
Kenndal McArdle 2 1 3 0 2 4 2 0 0 1 1/1 17:41 1:04 1:31
Kyle Wharton 0 2 2 1 0 2 3 0 0 1 0/0 19:30 1:00 3:38
Marc-André Cliche 0 1 1 0 0 2 2 1 0 0 10/17 15:57 1:04 0:00
Marc-Antoine Pouliot 1 1 2 2 0 2 1 1 0 0 16/33 18:47 1:00 0:00
Nick Johnson 0 1 1 0 0 0 1 0 0 0 0/0 10:47 0:01 0:00
Roman Polak 0 0 0 -3 0 1 0 1 0 0 0/0 14:00 0:00 1:07
Ryan Shannon 1 1 2 0 0 5 1 0 0 1 0/0 17:36 1:04 1:39
Scott Jackson 0 0 0 -3 0 0 0 0 0 0 0/0 13:44 0:00 0:36
Shawn Belle 0 2 2 5 5 1 2 0 0 1 0/0 26:45 1:05 3:26
Tyler Kennedy 0 3 3 2 2 1 2 0 0 0 2/2 21:34 1:00 2:47
Players Stats for Knights
Player Name G A P +/- PIM S H SB GA TA FO MP PP MP PK MP
------------------------------------------------------------------------------------
Alex Chiasson 0 0 0 -1 9 3 0 0 1 0 1/2 18:20 3:09 0:00
Chris Thorburn 0 2 2 0 0 1 4 1 0 0 1/2 19:50 3:45 1:02
Eric Gelinas 0 0 0 -3 0 2 3 3 1 1 0/0 28:00 4:29 1:11
Garnet Exelby 0 0 0 -1 5 2 1 0 0 0 0/0 16:39 0:00 0:54
James Wright 1 1 2 -1 0 3 0 0 0 0 2/10 13:30 0:00 1:02
Jason Chimera 1 0 1 0 0 4 0 0 1 0 0/0 17:44 3:18 0:00
Jason Zucker 0 0 0 -1 0 2 0 0 0 0 1/3 15:38 0:00 0:00
Jimmy Hayes 0 0 0 -1 0 4 3 0 0 0 0/0 15:42 3:22 0:00
Joe Colborne 0 1 1 -1 0 3 0 0 0 0 2/3 8:20 0:00 0:42
Kevin Hayes 0 0 0 -1 0 0 0 0 0 0 0/0 8:37 0:54 0:00
Magnus Paajarvi-Svensson 1 0 1 -1 0 4 0 1 0 0 0/0 8:43 0:44 0:21
Michael Raffl 1 1 2 -1 0 2 2 1 0 0 1/1 13:18 0:08 0:42
Nikita Nikitin 0 0 0 1 0 0 0 0 0 0 0/0 15:23 3:11 0:00
Niklas Hjalmarsson 0 0 0 -3 0 2 1 2 1 0 0/0 27:57 4:29 1:11
Tomas Kundratek 0 0 0 -1 0 1 1 1 1 1 0/0 19:20 3:11 0:54
Tyler Seguin 0 0 0 0 0 0 2 0 0 0 10/18 18:17 3:30 0:21
Zack Hamill 0 0 0 -1 0 2 1 1 1 0 10/25 19:53 4:10 0:00
Zbynek Michalek 0 1 1 1 0 0 0 2 0 0 0/0 12:40 0:00 0:00
3 Stars
1 - Brad Winchester (STB)
2 - Kenndal McArdle (STB)
3 - Davis Drewiske (STB)
Power Play
Atomiques - 1 on 2 Attempt(s) - 50,00%
Knights - 0 on 4 Attempt(s) - 0,00%
Penalty Kill
Atomiques - 4 on 4 Attempt(s) - 100,00%
- Score 0 goal in Penalty Kill
Knights - 1 on 2 Attempt(s) - 50,00%
- Score 0 goal in Penalty Kill
Team Stat
Atomiques - Hits : 22 - Faceoff Wins : 36 - Blocked Shots : 10 - Penalty Minutes : 28
Knights - Hits : 18 - Faceoff Wins : 28 - Blocked Shots : 12 - Penalty Minutes : 14
Official
Referees : LaRue Dennis and StLaurent Francois
Linesman : Lyle Seitz and Andy McElman
Game Notes
Mark Dekanich enters game at 16:31 of 1st period
Jacob Markstrom enters game at 19:00 of 2nd period
Alex Chiasson and Shawn Belle fight to a draw at 17:13 of 3rd period
Davis Drewiske is injured at 17:28 of 3rd period (Separated Right Shoulder)
Garnet Exelby and Clayton Stoner fight to a draw at 18:16 of 3rd period
Finance
Level 1 -- Attendance: 1427 (71,35%) -- Ticket Income 49 945 $
Level 2 -- Attendance: 689 (68,90%) -- Ticket Income 13 780 $
Total Attendance: 2116 (70,53%)
Total Ticket Income: 63 725 $
Other Income: 3 186 $
Total Income: 66 911 $
Atomiques
5 vs 5 Forward
Center Left Wing Right Wing Time % Phy DF OF
1 Marc-Antoine Pouliot Brad Winchester Tyler Kennedy 40 1 2 2
2 Marc-André Cliche Kenndal McArdle Ryan Shannon 30 1 2 2
3 Brett Sutter Andrew Kozek Nick Johnson 20 1 2 2
4 Drew Larman John McCarthy Alex Berry 10 1 2 2
5 vs 5 Defense
Defense Defense Time % Phy DF OF
1 Shawn Belle Davis Drewiske 40 1 2 2
2 Clayton Stoner Kyle Wharton 30 1 2 2
3 Scott Jackson Roman Polak 20 1 2 2
4 Shawn Belle Davis Drewiske 10 1 2 2
PowerPlay Forward
Center Left Wing Right Wing Time % Phy DF OF
1 Marc-Antoine Pouliot Brad Winchester Tyler Kennedy 60 1 2 2
2 Marc-André Cliche Kenndal McArdle Ryan Shannon 40 1 2 2
PowerPlay Defense
Defense Defense Time % Phy DF OF
1 Shawn Belle Davis Drewiske 60 1 2 2
2 Clayton Stoner Kyle Wharton 40 1 2 2
Penalty Kill 4 Players Forward
Center Wing Time % Phy DF OF
1 Brad Winchester Tyler Kennedy 60 1 2 2
2 Ryan Shannon Kenndal McArdle 40 1 2 2
Penalty Kill 4 Players Defense
Defense Defense Time % Phy DF OF
1 Shawn Belle Davis Drewiske 60 1 2 2
2 Clayton Stoner Kyle Wharton 40 1 2 2
Penalty Kill - 3 Players Forward
Forward Time % Phy DF OF
1 Brad Winchester 60 1 2 2
2 Tyler Kennedy 40 1 2 2
Penalty Kill - 3 Players Defense
Defense Defense Time % Phy DF OF
1 Shawn Belle Davis Drewiske 60 1 2 2
2 Clayton Stoner Kyle Wharton 40 1 2 2
4 vs 4 Forward
Center Wing Time % Phy DF OF
1 Brad Winchester Tyler Kennedy 60 1 2 2
2 Ryan Shannon Kenndal McArdle 40 1 2 2
4 vs 4 Defense
Defense Defense Time % Phy DF OF
1 Shawn Belle Davis Drewiske 60 1 2 2
2 Clayton Stoner Kyle Wharton 40 1 2 2
Last Minutes Offensive
Center Left Wing Right Wing Defense Defense
Marc-Antoine Pouliot Brad Winchester Tyler Kennedy Shawn Belle Davis Drewiske
Last Minutes Defensive
Center Left Wing Right Wing Defense Defense
Marc-Antoine Pouliot Brad Winchester Tyler Kennedy Shawn Belle Davis Drewiske
Goaltenders
Starting : Alex Auld
Backup : Sergei Bobrovsky
Extra Forwards
Normal : Nick Johnson, Andrew Kozek, Alex Berry - PP : Nick Johnson, Andrew Kozek - PK : Alex Berry
Extra Defensemen
Normal : Scott Jackson, Roman Polak, Clayton Stoner - PP : Scott Jackson - PK : Roman Polak, Clayton Stoner
Penalty Shots
Brad Winchester, Tyler Kennedy, Ryan Shannon, Kenndal McArdle, Nick Johnson
Knights
5 vs 5 Forward
Center Left Wing Right Wing Time % Phy DF OF
1 Zack Hamill Jason Zucker Alex Chiasson 35 0 1 4
2 Tyler Seguin Jason Chimera Chris Thorburn 33 1 2 2
3 James Wright Michael Raffl Jimmy Hayes 20 0 1 4
4 Joe Colborne Magnus Paajarvi-Svensson Kevin Hayes 12 1 2 2
5 vs 5 Defense
Defense Defense Time % Phy DF OF
1 Niklas Hjalmarsson Eric Gelinas 32 1 2 2
2 Garnet Exelby Tomas Kundratek 30 1 2 2
3 Nikita Nikitin Zbynek Michalek 23 1 2 2
4 Eric Gelinas Niklas Hjalmarsson 15 1 2 2
PowerPlay Forward
Center Left Wing Right Wing Time % Phy DF OF
1 Zack Hamill Alex Chiasson Jimmy Hayes 60 0 1 4
2 Tyler Seguin Jason Chimera Chris Thorburn 40 0 1 4
PowerPlay Defense
Defense Defense Time % Phy DF OF
1 Eric Gelinas Niklas Hjalmarsson 60 1 1 3
2 Nikita Nikitin Tomas Kundratek 40 1 1 3
Penalty Kill 4 Players Forward
Center Wing Time % Phy DF OF
1 James Wright Chris Thorburn 60 1 3 1
2 Joe Colborne Michael Raffl 40 1 3 1
Penalty Kill 4 Players Defense
Defense Defense Time % Phy DF OF
1 Eric Gelinas Niklas Hjalmarsson 60 1 3 1
2 Tomas Kundratek Garnet Exelby 40 1 3 1
Penalty Kill - 3 Players Forward
Forward Time % Phy DF OF
1 James Wright 60 0 4 1
2 Chris Thorburn 40 0 4 1
Penalty Kill - 3 Players Defense
Defense Defense Time % Phy DF OF
1 Niklas Hjalmarsson Tomas Kundratek 60 1 4 0
2 Garnet Exelby Tomas Kundratek 40 1 4 0
4 vs 4 Forward
Center Wing Time % Phy DF OF
1 Tyler Seguin Chris Thorburn 60 1 1 3
2 Zack Hamill Alex Chiasson 40 1 1 3
4 vs 4 Defense
Defense Defense Time % Phy DF OF
1 Eric Gelinas Niklas Hjalmarsson 60 1 2 2
2 Tomas Kundratek Garnet Exelby 40 1 2 2
Last Minutes Offensive
Center Left Wing Right Wing Defense Defense
Zack Hamill Jason Zucker Chris Thorburn Niklas Hjalmarsson Eric Gelinas
Last Minutes Defensive
Center Left Wing Right Wing Defense Defense
James Wright Michael Raffl Chris Thorburn Niklas Hjalmarsson Eric Gelinas
Goaltenders
Starting : Jacob Markstrom
Backup : Mark Dekanich
Extra Forwards
Normal : Chris Thorburn, Zack Hamill, Jason Chimera - PP : Chris Thorburn, Zack Hamill - PK : Chris Thorburn
Extra Defensemen
Normal : Niklas Hjalmarsson, Tomas Kundratek, Eric Gelinas - PP : Niklas Hjalmarsson - PK : Tomas Kundratek, Niklas Hjalmarsson
Penalty Shots
Michael Raffl, Alex Chiasson, Jason Chimera, Tyler Seguin, Zack Hamill
% Time on Ice - Atomiques
Lines # - Real PCT - Wanted PCT - Time Play
Normal Forward
1 - 37% - 40% - 18:50
2 - 30% - 30% - 14:53
3 - 21% - 20% - 10:29
4 - 12% - 10% - 6:03
Normal Defense
1 - 41% - 40% - 20:33
2 - 30% - 30% - 14:51
3 - 24% - 20% - 12:06
4 - 5% - 10% - 2:45
PP Forward
1 - 49% - 60% - 1:01
2 - 51% - 40% - 1:04
PP Defense
1 - 52% - 60% - 1:05
2 - 48% - 40% - 1:00
PK Forward
1 - 78% - 60% - 6:01
2 - 22% - 40% - 1:39
PK Defense
1 - 67% - 60% - 5:09
2 - 33% - 40% - 2:31
PK3 Forward
1 - 0% - 60%
2 - 0% - 40%
PK3 Defense
1 - 0% - 60%
2 - 0% - 40%
44 Forward
1 - 0% - 60%
2 - 0% - 40%
44 Defense
1 - 0% - 60%
2 - 0% - 40%
Last Minute Offensive - 0:00
Last Minute Defensive - 0:00
Total
Forward - 60:00
Defense - 60:00
|
% Time on Ice - Knights
Lines # - Real PCT - Wanted PCT - Time Play
Normal Forward
1 - 31% - 35% - 15:43
2 - 29% - 33% - 14:26
3 - 25% - 20% - 12:28
4 - 15% - 12% - 7:38
Normal Defense
1 - 32% - 32% - 16:11
2 - 30% - 30% - 15:18
3 - 25% - 23% - 12:40
4 - 12% - 15% - 6:06
PP Forward
1 - 57% - 60% - 4:22
2 - 43% - 40% - 3:18
PP Defense
1 - 58% - 60% - 4:29
2 - 42% - 40% - 3:11
PK Forward
1 - 66% - 60% - 1:23
2 - 34% - 40% - 0:42
PK Defense
1 - 57% - 60% - 1:11
2 - 43% - 40% - 0:54
PK3 Forward
1 - 0% - 60%
2 - 0% - 40%
PK3 Defense
1 - 0% - 60%
2 - 0% - 40%
44 Forward
1 - 0% - 60%
2 - 0% - 40%
44 Defense
1 - 0% - 60%
2 - 0% - 40%
Last Minute Offensive - 0:00
Last Minute Defensive - 0:00
Total
Forward - 60:00
Defense - 60:00
|
Play by Play
1st period
0:01 of 1st period - Tyler Kennedy wins face-off versus Zack Hamill in neutral zone.
1:11 of 1st period - Wrist shot by Alex Berry.
1:11 of 1st period - Stopped by Jacob Markstrom without a rebound.
1:12 of 1st period - Tyler Seguin wins face-off versus Drew Larman in Knights zone.
1:46 of 1st period - Wrist shot by John McCarthy.
1:46 of 1st period - Shot Blocked by Zbynek Michalek.
1:48 of 1st period - Minor Penalty to Alex Chiasson for Interference.
1:49 of 1st period - Marc-Antoine Pouliot wins face-off versus James Wright in Knights zone.
2:57 of 1st period - Brad Winchester is hit by Tomas Kundratek and loses puck.
3:30 of 1st period - Ryan Shannon is hit by Tyler Seguin and loses puck.
3:48 of 1st period - Penalty to Alex Chiasson is over, Alex Chiasson is back on ice.
3:53 of 1st period - Snap shot by Alex Chiasson.
3:53 of 1st period - Shot Misses the Net.
4:04 of 1st period - Minor Penalty to Alex Chiasson for Cross-checking.
4:05 of 1st period - Kenndal McArdle wins face-off versus James Wright in Knights zone.
4:08 of 1st period - Snap shot by Ryan Shannon.
4:08 of 1st period - Stopped by Jacob Markstrom with a rebound.
4:10 of 1st period - Slapshot by Shawn Belle.
4:10 of 1st period - Deflect By Ryan Shannon.
4:10 of 1st period - Goal by Ryan Shannon - Atomiques : 1 - Knights : 0.
4:11 of 1st period - Marc-Antoine Pouliot wins face-off versus Tyler Seguin in neutral zone.
5:10 of 1st period - Off-side.
5:11 of 1st period - Marc-Antoine Pouliot wins face-off versus Tyler Seguin in neutral zone.
5:36 of 1st period - Wrist shot by Zack Hamill.
5:36 of 1st period - Shot Misses the Net.
7:04 of 1st period - Snap shot by Tyler Kennedy.
7:04 of 1st period - Stopped by Jacob Markstrom without a rebound.
7:05 of 1st period - Chris Thorburn wins face-off versus Marc-André Cliche in Knights zone.
7:05 of 1st period - Chris Thorburn is hit by Marc-André Cliche.
7:39 of 1st period - Snap shot by Alex Chiasson.
7:39 of 1st period - Deflect By Roman Polak.
7:39 of 1st period - Stopped by Alex Auld without a rebound.
7:40 of 1st period - Marc-Antoine Pouliot wins face-off versus James Wright in Atomiques zone.
7:40 of 1st period - Marc-Antoine Pouliot is hit by Jimmy Hayes.
8:32 of 1st period - Wrist shot by Chris Thorburn.
8:32 of 1st period - Deflect By Jason Chimera.
8:32 of 1st period - Stopped by Alex Auld with a rebound.
8:38 of 1st period - Snap shot by Jason Chimera.
8:38 of 1st period - Shot Misses the Net.
8:50 of 1st period - Snap shot by Joe Colborne.
8:50 of 1st period - Shot Misses the Net.
8:58 of 1st period - Slapshot by Kyle Wharton.
8:58 of 1st period - Shot Misses the Net.
9:00 of 1st period - Slapshot by Alex Berry.
9:00 of 1st period - Goal by Alex Berry - Atomiques : 2 - Knights : 0.
9:01 of 1st period - Jason Zucker wins face-off versus Marc-Antoine Pouliot in neutral zone.
9:12 of 1st period - Wrist shot by Alex Chiasson.
9:12 of 1st period - Stopped by Alex Auld with a rebound.
9:28 of 1st period - Marc-André Cliche is hit by Eric Gelinas and loses puck.
9:51 of 1st period - Wrist shot by Joe Colborne.
9:51 of 1st period - Shot Blocked by Brett Sutter.
9:53 of 1st period - Wrist shot by Joe Colborne.
9:53 of 1st period - Deflect By Magnus Paajarvi-Svensson.
9:53 of 1st period - Stopped by Alex Auld with a rebound.
10:00 of 1st period - Off-side.
10:01 of 1st period - Zack Hamill wins face-off versus Marc-Antoine Pouliot in neutral zone.
10:26 of 1st period - Tyler Seguin is hit by Kenndal McArdle.
11:15 of 1st period - Clayton Stoner is hit by Eric Gelinas and loses puck.
11:58 of 1st period - Snap shot by Jason Chimera.
11:58 of 1st period - Goal by Jason Chimera - Atomiques : 2 - Knights : 1.
11:59 of 1st period - Marc-Antoine Pouliot wins face-off versus Zack Hamill in neutral zone.
12:10 of 1st period - Snap shot by Alex Chiasson.
12:10 of 1st period - Shot Blocked by Marc-Antoine Pouliot.
12:12 of 1st period - Slapshot by Jason Zucker.
12:12 of 1st period - Stopped by Alex Auld with a rebound.
12:41 of 1st period - Minor Penalty to Kenndal McArdle for High sticking.
12:42 of 1st period - Brad Winchester wins face-off versus Alex Chiasson in Atomiques zone.
13:18 of 1st period - Clayton Stoner is hit by Chris Thorburn and loses puck.
14:41 of 1st period - Penalty to Kenndal McArdle is over, Kenndal McArdle is back on ice.
14:50 of 1st period - Slapshot by Magnus Paajarvi-Svensson.
14:50 of 1st period - Stopped by Alex Auld with a rebound.
14:54 of 1st period - Snap shot by Magnus Paajarvi-Svensson.
14:54 of 1st period - Stopped by Alex Auld without a rebound.
14:55 of 1st period - Marc-André Cliche wins face-off versus Joe Colborne in Atomiques zone.
16:27 of 1st period - Wrist shot by Tyler Kennedy.
16:27 of 1st period - Shot Misses the Net.
16:29 of 1st period - Slapshot by Davis Drewiske.
16:29 of 1st period - Deflect By Joe Colborne.
16:29 of 1st period - Stopped by Jacob Markstrom with a rebound.
16:31 of 1st period - Wrist shot by Marc-Antoine Pouliot.
16:31 of 1st period - Goal by Marc-Antoine Pouliot - Atomiques : 3 - Knights : 1.
16:31 of 1st period - Mark Dekanich enters game.
16:32 of 1st period - Zack Hamill wins face-off versus Marc-André Cliche in neutral zone.
16:57 of 1st period - Davis Drewiske is hit by Michael Raffl and loses puck.
17:06 of 1st period - Snap shot by Ryan Shannon.
17:06 of 1st period - Stopped by Mark Dekanich with a rebound.
17:08 of 1st period - Snap shot by Kyle Wharton.
17:08 of 1st period - Deflect By Ryan Shannon.
17:08 of 1st period - Shot Blocked by Tomas Kundratek.
17:08 of 1st period - Puck is out of play.
17:09 of 1st period - Andrew Kozek wins face-off versus Zack Hamill in Knights zone.
17:24 of 1st period - Wrist shot by Andrew Kozek.
17:24 of 1st period - Shot Misses the Net.
17:46 of 1st period - Slapshot by Chris Thorburn.
17:46 of 1st period - Stopped by Alex Auld without a rebound.
17:47 of 1st period - Michael Raffl wins face-off versus Marc-Antoine Pouliot in Atomiques zone.
17:48 of 1st period - Slapshot by James Wright.
17:48 of 1st period - Shot Blocked by Brad Winchester.
17:54 of 1st period - Snap shot by James Wright.
17:54 of 1st period - Shot Misses the Net.
18:17 of 1st period - Snap shot by Chris Thorburn.
18:17 of 1st period - Shot Misses the Net.
18:59 of 1st period - Slapshot by Alex Berry.
18:59 of 1st period - Stopped by Mark Dekanich with a rebound.
19:03 of 1st period - Backhand shot by Alex Berry.
19:03 of 1st period - Shot Misses the Net.
19:22 of 1st period - Snap shot by Joe Colborne.
19:22 of 1st period - Stopped by Alex Auld with a rebound.
19:35 of 1st period - Brad Winchester is hit by Niklas Hjalmarsson and loses puck.
19:46 of 1st period - Wrist shot by Magnus Paajarvi-Svensson.
19:46 of 1st period - Goal by Magnus Paajarvi-Svensson - Atomiques : 3 - Knights : 2.
19:47 of 1st period - Marc-André Cliche wins face-off versus Tyler Seguin in neutral zone.
19:59 of 1st period - Snap shot by Ryan Shannon.
19:59 of 1st period - Stopped by Mark Dekanich without a rebound.
Goals for this period are 3 for Atomiques vs 2 for Knights.
Shots for this period are 10 for Atomiques vs 11 for Knights.
2nd period
0:01 of 2nd period - Zack Hamill wins face-off versus Marc-Antoine Pouliot in neutral zone.
1:29 of 2nd period - Snap shot by Joe Colborne.
1:29 of 2nd period - Stopped by Alex Auld with a rebound.
1:39 of 2nd period - Snap shot by Niklas Hjalmarsson.
1:39 of 2nd period - Deflect By Tyler Kennedy.
1:39 of 2nd period - Stopped by Alex Auld with a rebound.
1:56 of 2nd period - Slapshot by Davis Drewiske.
1:56 of 2nd period - Shot Misses the Net.
1:58 of 2nd period - Snap shot by John McCarthy.
1:58 of 2nd period - Shot Blocked by Eric Gelinas.
2:22 of 2nd period - Slapshot by Kenndal McArdle.
2:22 of 2nd period - Shot Misses the Net.
2:32 of 2nd period - Eric Gelinas is hit by Brett Sutter and loses puck.
2:40 of 2nd period - Icing by Jimmy Hayes.
2:41 of 2nd period - James Wright wins face-off versus Marc-Antoine Pouliot in Knights zone.
3:07 of 2nd period - Slapshot by Eric Gelinas.
3:07 of 2nd period - Shot Misses the Net.
3:15 of 2nd period - Snap shot by Marc-André Cliche.
3:15 of 2nd period - Shot Blocked by Niklas Hjalmarsson.
3:30 of 2nd period - Wrist shot by Zack Hamill.
3:30 of 2nd period - Shot Misses the Net.
3:37 of 2nd period - Icing by Shawn Belle.
3:38 of 2nd period - Brett Sutter wins face-off versus James Wright in Atomiques zone.
3:38 of 2nd period - Brett Sutter is hit by Michael Raffl.
4:00 of 2nd period - Zbynek Michalek is hit by Shawn Belle and loses puck.
4:29 of 2nd period - Slapshot by Brett Sutter.
4:29 of 2nd period - Goal by Brett Sutter - Atomiques : 4 - Knights : 2.
4:30 of 2nd period - Tyler Seguin wins face-off versus Marc-Antoine Pouliot in neutral zone.
4:32 of 2nd period - Garnet Exelby is hit by Marc-Antoine Pouliot and loses puck.
5:02 of 2nd period - Wrist shot by Jason Zucker.
5:02 of 2nd period - Stopped by Alex Auld without a rebound.
5:03 of 2nd period - Marc-André Cliche wins face-off versus Zack Hamill in Atomiques zone.
5:08 of 2nd period - Slapshot by Davis Drewiske.
5:08 of 2nd period - Shot Blocked by Zbynek Michalek.
6:00 of 2nd period - Nick Johnson is hit by Jimmy Hayes and loses puck.
6:13 of 2nd period - Drew Larman is hit by Garnet Exelby and loses puck.
6:18 of 2nd period - Wrist shot by Joe Colborne.
6:18 of 2nd period - Stopped by Alex Auld without a rebound.
6:19 of 2nd period - Marc-Antoine Pouliot wins face-off versus Zack Hamill in Atomiques zone.
6:44 of 2nd period - Jason Chimera is hit by Marc-André Cliche and loses puck.
6:53 of 2nd period - Slapshot by Zbynek Michalek.
6:53 of 2nd period - Deflect By Tyler Seguin.
6:53 of 2nd period - Shot Blocked by Clayton Stoner.
6:53 of 2nd period - Puck is out of play.
6:54 of 2nd period - Zack Hamill wins face-off versus Marc-André Cliche in Atomiques zone.
6:55 of 2nd period - Snap shot by Alex Chiasson.
6:55 of 2nd period - Shot Blocked by Marc-André Cliche.
6:57 of 2nd period - Slapshot by Zack Hamill.
6:57 of 2nd period - Shot Misses the Net.
6:59 of 2nd period - Snap shot by Niklas Hjalmarsson.
6:59 of 2nd period - Stopped by Alex Auld without a rebound.
7:00 of 2nd period - Zack Hamill wins face-off versus Marc-André Cliche in Atomiques zone.
7:07 of 2nd period - Slapshot by Zack Hamill.
7:07 of 2nd period - Stopped by Alex Auld without a rebound.
7:08 of 2nd period - Tyler Seguin wins face-off versus Marc-Antoine Pouliot in Atomiques zone.
7:11 of 2nd period - Snap shot by Chris Thorburn.
7:11 of 2nd period - Deflect By Jason Chimera.
7:11 of 2nd period - Stopped by Alex Auld without a rebound.
7:12 of 2nd period - Tyler Seguin wins face-off versus Marc-Antoine Pouliot in Atomiques zone.
7:23 of 2nd period - Wrist shot by Marc-Antoine Pouliot.
7:23 of 2nd period - Shot Blocked by Eric Gelinas.
7:25 of 2nd period - Wrist shot by Brad Winchester.
7:25 of 2nd period - Stopped by Mark Dekanich without a rebound.
7:26 of 2nd period - Marc-Antoine Pouliot wins face-off versus Zack Hamill in Knights zone.
7:33 of 2nd period - Wrist shot by Brad Winchester.
7:33 of 2nd period - Stopped by Mark Dekanich without a rebound.
7:34 of 2nd period - Marc-Antoine Pouliot wins face-off versus Zack Hamill in Knights zone.
8:27 of 2nd period - Wrist shot by Michael Raffl.
8:27 of 2nd period - Stopped by Alex Auld with a rebound.
8:29 of 2nd period - Snap shot by Michael Raffl.
8:29 of 2nd period - Goal by Michael Raffl - Atomiques : 4 - Knights : 3.
8:30 of 2nd period - Marc-Antoine Pouliot wins face-off versus Zack Hamill in neutral zone.
8:45 of 2nd period - Snap shot by Tyler Kennedy.
8:45 of 2nd period - Shot Hit the Post.
9:40 of 2nd period - Nikita Nikitin is hit by Alex Berry and loses puck.
10:19 of 2nd period - Slapshot by James Wright.
10:19 of 2nd period - Shot Misses the Net.
10:21 of 2nd period - Snap shot by James Wright.
10:21 of 2nd period - Shot Blocked by Roman Polak.
10:29 of 2nd period - Snap shot by Jimmy Hayes.
10:29 of 2nd period - Stopped by Alex Auld without a rebound.
10:30 of 2nd period - Zack Hamill wins face-off versus Marc-Antoine Pouliot in Atomiques zone.
10:40 of 2nd period - Minor Penalty to Tyler Kennedy for Hooking.
10:41 of 2nd period - Tyler Seguin wins face-off versus Brad Winchester in Atomiques zone.
11:53 of 2nd period - Nikita Nikitin is hit by Kenndal McArdle and loses puck.
12:40 of 2nd period - Penalty to Tyler Kennedy is over, Tyler Kennedy is back on ice.
13:03 of 2nd period - Garnet Exelby is hit by Drew Larman and loses puck.
13:14 of 2nd period - Scott Jackson is hit by Jimmy Hayes and loses puck.
14:26 of 2nd period - Icing by Roman Polak.
14:27 of 2nd period - Joe Colborne wins face-off versus Marc-Antoine Pouliot in Atomiques zone.
14:30 of 2nd period - Snap shot by Joe Colborne.
14:30 of 2nd period - Shot Blocked by Clayton Stoner.
14:38 of 2nd period - Snap shot by Marc-Antoine Pouliot.
14:38 of 2nd period - Deflect By Brad Winchester.
14:38 of 2nd period - Stopped by Mark Dekanich without a rebound.
14:39 of 2nd period - Marc-André Cliche wins face-off versus James Wright in Knights zone.
14:40 of 2nd period - Snap shot by Kenndal McArdle.
14:40 of 2nd period - Goal by Kenndal McArdle - Atomiques : 5 - Knights : 3.
14:41 of 2nd period - Tyler Seguin wins face-off versus Marc-Antoine Pouliot in neutral zone.
14:57 of 2nd period - Off-side.
14:58 of 2nd period - Marc-André Cliche wins face-off versus Jason Zucker in neutral zone.
15:33 of 2nd period - Slapshot by James Wright.
15:33 of 2nd period - Stopped by Alex Auld with a rebound.
15:45 of 2nd period - Davis Drewiske is hit by Chris Thorburn and loses puck.
16:31 of 2nd period - Snap shot by Brett Sutter.
16:31 of 2nd period - Shot Blocked by Magnus Paajarvi-Svensson.
16:33 of 2nd period - Snap shot by Nick Johnson.
16:33 of 2nd period - Shot Blocked by Eric Gelinas.
16:35 of 2nd period - Wrist shot by Andrew Kozek.
16:35 of 2nd period - Stopped by Mark Dekanich without a rebound.
16:36 of 2nd period - Alex Berry wins face-off versus Tyler Seguin in Knights zone.
16:52 of 2nd period - Tomas Kundratek is hit by Kyle Wharton and loses puck.
17:30 of 2nd period - Slapshot by Andrew Kozek.
17:30 of 2nd period - Shot Misses the Net.
18:10 of 2nd period - Alex Chiasson is hit by Kyle Wharton and loses puck.
18:23 of 2nd period - Tomas Kundratek is hit by Tyler Kennedy and loses puck.
18:44 of 2nd period - Snap shot by James Wright.
18:44 of 2nd period - Stopped by Alex Auld with a rebound.
18:56 of 2nd period - Slapshot by Brad Winchester.
18:56 of 2nd period - Shot Misses the Net.
18:58 of 2nd period - Slapshot by Kyle Wharton.
18:58 of 2nd period - Shot Misses the Net.
19:00 of 2nd period - Wrist shot by Brad Winchester.
19:00 of 2nd period - Deflect By Jimmy Hayes.
19:00 of 2nd period - Goal by Brad Winchester - Atomiques : 6 - Knights : 3.
19:00 of 2nd period - Jacob Markstrom enters game.
19:01 of 2nd period - Marc-André Cliche wins face-off versus Zack Hamill in neutral zone.
19:10 of 2nd period - Snap shot by Ryan Shannon.
19:10 of 2nd period - Stopped by Jacob Markstrom without a rebound.
19:11 of 2nd period - Marc-André Cliche wins face-off versus Zack Hamill in Knights zone.
19:18 of 2nd period - Slapshot by Kenndal McArdle.
19:18 of 2nd period - Stopped by Jacob Markstrom with a rebound.
19:20 of 2nd period - Slapshot by Davis Drewiske.
19:20 of 2nd period - Shot Blocked by Zack Hamill.
19:22 of 2nd period - Snap shot by Ryan Shannon.
19:22 of 2nd period - Shot Misses the Net.
19:24 of 2nd period - Wrist shot by Ryan Shannon.
19:24 of 2nd period - Deflect By Kenndal McArdle.
19:24 of 2nd period - Goal by Kenndal McArdle - Atomiques : 7 - Knights : 3.
19:25 of 2nd period - Marc-Antoine Pouliot wins face-off versus Tyler Seguin in neutral zone.
19:30 of 2nd period - Wrist shot by Brad Winchester.
19:30 of 2nd period - Goal by Brad Winchester - Atomiques : 8 - Knights : 3.
19:31 of 2nd period - Marc-Antoine Pouliot wins face-off versus Tyler Seguin in neutral zone.
19:56 of 2nd period - Shawn Belle is hit by Eric Gelinas and loses puck.
Goals for this period are 5 for Atomiques vs 1 for Knights.
Shots for this period are 11 for Atomiques vs 12 for Knights.
3rd period
0:01 of 3rd period - Tyler Seguin wins face-off versus Marc-Antoine Pouliot in neutral zone.
1:08 of 3rd period - Garnet Exelby is hit by Clayton Stoner.
1:18 of 3rd period - Slapshot by Tomas Kundratek.
1:18 of 3rd period - Shot Blocked by Clayton Stoner.
2:47 of 3rd period - Minor Penalty to John McCarthy for High sticking.
2:48 of 3rd period - Zack Hamill wins face-off versus Brad Winchester in Atomiques zone.
3:36 of 3rd period - Slapshot by Kyle Wharton.
3:36 of 3rd period - Deflect By Zack Hamill.
3:36 of 3rd period - Stopped by Jacob Markstrom with a rebound.
4:02 of 3rd period - Eric Gelinas is hit by Andrew Kozek and loses puck.
4:43 of 3rd period - Nikita Nikitin is hit by Alex Berry and loses puck.
4:47 of 3rd period - Penalty to John McCarthy is over, John McCarthy is back on ice.
5:50 of 3rd period - Off-side.
5:51 of 3rd period - Joe Colborne wins face-off versus Marc-André Cliche in neutral zone.
6:14 of 3rd period - Tyler Kennedy is hit by Chris Thorburn and loses puck.
6:38 of 3rd period - Wrist shot by Zack Hamill.
6:38 of 3rd period - Shot Misses the Net.
6:54 of 3rd period - Snap shot by James Wright.
6:54 of 3rd period - Goal by James Wright - Atomiques : 8 - Knights : 4.
6:55 of 3rd period - Marc-Antoine Pouliot wins face-off versus Jason Zucker in neutral zone.
7:00 of 3rd period - Jason Zucker is hit by Shawn Belle and loses puck.
7:09 of 3rd period - Snap shot by Tyler Kennedy.
7:09 of 3rd period - Deflect By Brad Winchester.
7:09 of 3rd period - Shot Misses the Net.
7:09 of 3rd period - Puck is out of play.
7:10 of 3rd period - Marc-André Cliche wins face-off versus Tyler Seguin in Knights zone.
7:51 of 3rd period - Snap shot by Brad Winchester.
7:51 of 3rd period - Deflect By Marc-Antoine Pouliot.
7:51 of 3rd period - Stopped by Jacob Markstrom without a rebound.
7:52 of 3rd period - Zack Hamill wins face-off versus Brett Sutter in Knights zone.
8:09 of 3rd period - Alex Chiasson is hit by Kyle Wharton and loses puck.
8:22 of 3rd period - Wrist shot by Nick Johnson.
8:22 of 3rd period - Shot Misses the Net.
8:31 of 3rd period - Snap shot by Tomas Kundratek.
8:31 of 3rd period - Stopped by Alex Auld without a rebound.
8:32 of 3rd period - James Wright wins face-off versus Marc-Antoine Pouliot in Atomiques zone.
8:41 of 3rd period - Snap shot by Michael Raffl.
8:41 of 3rd period - Deflect By Jimmy Hayes.
8:41 of 3rd period - Stopped by Alex Auld with a rebound.
9:06 of 3rd period - Snap shot by Alex Chiasson.
9:06 of 3rd period - Stopped by Alex Auld without a rebound.
9:07 of 3rd period - Marc-André Cliche wins face-off versus Chris Thorburn in Atomiques zone.
9:07 of 3rd period - Marc-André Cliche is hit by Tyler Seguin.
9:19 of 3rd period - Wrist shot by Chris Thorburn.
9:19 of 3rd period - Shot Misses the Net.
9:37 of 3rd period - Wrist shot by Jimmy Hayes.
9:37 of 3rd period - Stopped by Alex Auld without a rebound.
9:38 of 3rd period - Marc-Antoine Pouliot wins face-off versus James Wright in Atomiques zone.
9:57 of 3rd period - Michael Raffl is hit by Tyler Kennedy.
10:11 of 3rd period - Wrist shot by Tyler Kennedy.
10:11 of 3rd period - Shot Misses the Net.
10:19 of 3rd period - Wrist shot by Eric Gelinas.
10:19 of 3rd period - Stopped by Alex Auld with a rebound.
10:21 of 3rd period - Wrist shot by James Wright.
10:21 of 3rd period - Shot Misses the Net.
10:23 of 3rd period - Slapshot by Eric Gelinas.
10:23 of 3rd period - Stopped by Alex Auld without a rebound.
10:24 of 3rd period - Marc-André Cliche wins face-off versus Zack Hamill in Atomiques zone.
10:31 of 3rd period - Slapshot by Shawn Belle.
10:31 of 3rd period - Stopped by Jacob Markstrom with a rebound.
10:33 of 3rd period - Snap shot by Kenndal McArdle.
10:33 of 3rd period - Stopped by Jacob Markstrom without a rebound.
10:34 of 3rd period - Zack Hamill wins face-off versus Marc-André Cliche in Knights zone.
10:41 of 3rd period - Slapshot by Zack Hamill.
10:41 of 3rd period - Stopped by Alex Auld with a rebound.
10:55 of 3rd period - Wrist shot by Marc-André Cliche.
10:55 of 3rd period - Stopped by Jacob Markstrom with a rebound.
10:57 of 3rd period - Snap shot by Marc-André Cliche.
10:57 of 3rd period - Stopped by Jacob Markstrom without a rebound.
10:58 of 3rd period - Tyler Seguin wins face-off versus Marc-Antoine Pouliot in Knights zone.
10:58 of 3rd period - Tyler Seguin is hit by Brad Winchester.
11:06 of 3rd period - Tyler Kennedy is hit by Chris Thorburn and loses puck.
11:25 of 3rd period - Jimmy Hayes is hit by Nick Johnson and loses puck.
12:47 of 3rd period - Off-side.
12:48 of 3rd period - Marc-Antoine Pouliot wins face-off versus Zack Hamill in neutral zone.
13:35 of 3rd period - Garnet Exelby is hit by Andrew Kozek.
15:50 of 3rd period - Icing by Tyler Kennedy.
15:51 of 3rd period - Tyler Seguin wins face-off versus Marc-Antoine Pouliot in Atomiques zone.
15:57 of 3rd period - Off-side.
15:58 of 3rd period - Zack Hamill wins face-off versus Marc-Antoine Pouliot in neutral zone.
16:01 of 3rd period - Slapshot by Niklas Hjalmarsson.
16:01 of 3rd period - Shot Blocked by Brad Winchester.
16:13 of 3rd period - Brad Winchester is hit by Zack Hamill and loses puck.
16:30 of 3rd period - Slapshot by Jason Chimera.
16:30 of 3rd period - Shot Misses the Net.
16:32 of 3rd period - Slapshot by Jason Chimera.
16:32 of 3rd period - Stopped by Alex Auld with a rebound.
16:34 of 3rd period - Wrist shot by Garnet Exelby.
16:34 of 3rd period - Stopped by Alex Auld with a rebound.
16:36 of 3rd period - Wrist shot by Tyler Seguin.
16:36 of 3rd period - Shot Misses the Net.
16:38 of 3rd period - Slapshot by Garnet Exelby.
16:38 of 3rd period - Stopped by Alex Auld with a rebound.
16:48 of 3rd period - Slapshot by Jimmy Hayes.
16:48 of 3rd period - Stopped by Alex Auld without a rebound.
16:49 of 3rd period - Brett Sutter wins face-off versus James Wright in Atomiques zone.
16:54 of 3rd period - Snap shot by Andrew Kozek.
16:54 of 3rd period - Stopped by Jacob Markstrom with a rebound.
16:56 of 3rd period - Slapshot by Kyle Wharton.
16:56 of 3rd period - Stopped by Jacob Markstrom without a rebound.
16:57 of 3rd period - Tyler Kennedy wins face-off versus Tyler Seguin in Knights zone.
17:08 of 3rd period - Wrist shot by Marc-Antoine Pouliot.
17:08 of 3rd period - Shot Blocked by Niklas Hjalmarsson.
17:10 of 3rd period - Snap shot by Brad Winchester.
17:10 of 3rd period - Stopped by Jacob Markstrom without a rebound.
17:11 of 3rd period - Alex Chiasson wins face-off versus Marc-André Cliche in Knights zone.
17:13 of 3rd period - Alex Chiasson and Shawn Belle fight to a draw.
17:13 of 3rd period - Penalty to Alex Chiasson for Fighting.
17:13 of 3rd period - Penalty to Shawn Belle for Fighting.
17:14 of 3rd period - Marc-Antoine Pouliot wins face-off versus Zack Hamill in neutral zone.
17:16 of 3rd period - Off-side.
17:17 of 3rd period - Marc-Antoine Pouliot wins face-off versus Zack Hamill in neutral zone.
17:28 of 3rd period - Wrist shot by Chris Thorburn.
17:28 of 3rd period - Shot Blocked by Davis Drewiske.
17:28 of 3rd period - Davis Drewiske from Atomiques is injured at 17:28 of 3rd period (Separated Right Shoulder).
17:29 of 3rd period - Tyler Seguin wins face-off versus Marc-Antoine Pouliot in Atomiques zone.
17:56 of 3rd period - Jason Zucker is hit by Ryan Shannon and loses puck.
18:13 of 3rd period - Slapshot by Roman Polak.
18:13 of 3rd period - Deflect By James Wright.
18:13 of 3rd period - Stopped by Jacob Markstrom with a rebound.
18:15 of 3rd period - Wrist shot by Brett Sutter.
18:15 of 3rd period - Deflect By Nick Johnson.
18:15 of 3rd period - Shot Blocked by Michael Raffl.
18:15 of 3rd period - Puck is out of play.
18:16 of 3rd period - Brett Sutter wins face-off versus James Wright in Knights zone.
18:16 of 3rd period - Garnet Exelby and Clayton Stoner fight to a draw.
18:16 of 3rd period - Penalty to Garnet Exelby for Fighting.
18:16 of 3rd period - Penalty to Clayton Stoner for Fighting.
18:16 of 3rd period - Penalty to Clayton Stoner for instigated a fight.
18:16 of 3rd period - Penalty to Clayton Stoner for instigated a fight.
18:17 of 3rd period - Brad Winchester wins face-off versus Zack Hamill in Knights zone.
18:26 of 3rd period - Slapshot by Tyler Kennedy.
18:26 of 3rd period - Shot Misses the Net.
19:14 of 3rd period - Slapshot by Ryan Shannon.
19:14 of 3rd period - Shot Blocked by Chris Thorburn.
Goals for this period are 0 for Atomiques vs 1 for Knights.
Shots for this period are 10 for Atomiques vs 12 for Knights.
Output by the SimonT Hockey Simulator (STHS) for François Prévost -- Original Page W3C XHTML 1.0 Valid